 Dungeon Crawl Stone Soup version 0.27.1-3-gb3d3a73c9e (webtiles) character file.

Game seed: 13354290030393471145

289 Descartes the Sneak (level 6, -7/28 HPs)
             Began as a Spriggan Venom Mage on Oct 19, 2021.
             Killed from afar by a white imp (12 damage)
             ... with a puff of frost
             ... on level 3 of the Dungeon.
             The game lasted 00:09:54 (3098 turns).

Descartes the Sneak (Spriggan Venom Mage)           Turns: 3098, Time: 00:09:55

Health: -7/28      AC:  2    Str:  5    XL:     6   Next: 9%
Magic:  8/12       EV: 18    Int: 29    God:
Gold:   78         SH:  0    Dex: 16    Spells: 2/12 levels left

rFire    . . .     SeeInvis +   n - +1 dagger (venom)
rCold    . . .     Faith    .   (shield restricted)
rNeg     . . .     Spirit   .   a - +0 robe
rPois    .         Reflect  .   (helmet restricted)
rElec    .         Harm     .   (no cloak)
rCorr    .         Rampage  .   (gloves unavailable)
Will     +....                  (boots unavailable)
Stlth    +++.......             (no amulet)
HPRegen  0.09/turn              c - +6 ring of intelligence
MPRegen  0.13/turn              m - +6 ring of intelligence

@: very slightly contaminated, very quick
A: very small, no large weapons, unfitting armour, see invisible, speed 3
a: no special abilities


You were on level 3 of the Dungeon.
You visited 1 branch of the dungeon, and saw 3 of its levels.

You collected 78 gold pieces.

Inventory:

Hand Weapons
 e - a +0 dagger
 n - a +1 dagger of venom (weapon)
Missiles
 g - 16 arrows
 i - 45 stones
 l - 12 sling bullets
Armour
 a - a +0 robe (worn)
Jewellery
 c - a +6 ring of intelligence (left hand)
 m - a +6 ring of intelligence (right hand)
Scrolls
 b - a scroll of fear {unknown}
 d - a scroll of enchant weapon {unknown}
 f - a scroll of noise {unknown}
 h - 3 scrolls of identify {unknown}
Potions
 j - 4 potions of curing {unknown}
 k - a potion of flight {unknown}
 o - a potion of cancellation {unknown}
 p - a potion of lignification {unknown}


   Skills:
 + Level 1.0 Short Blades
 + Level 3.9 Dodging
 + Level 4.5 Stealth
 + Level 3.7 Spellcasting
 + Level 0.0 Hexes
 + Level 3.0 Translocations
 + Level 3.1 Transmutations
 * Level 4.4 Poison Magic


You had 2 spell levels left.
You knew the following spells:

 Your Spells              Type           Power      Damage    Failure   Level
a - Sting                 Tmut/Pois      100%       1d8       1%          1
b - Olgreb's Toxic Radia  Pois           31%        N/A       12%         4
c - Yara's Violent Unrav  Hex/Tmut       7%         3d5       71%         5

Your spell library contained the following spells:

 Spells                   Type           Power      Damage    Failure   Level
 Poisonous Vapours        Pois/Air       36%        N/A       4%          2
 Mephitic Cloud           Conj/Pois/Air  13%        N/A       12%         3
 Passage of Golubria      Tloc           N/A        N/A       21%         4
 Tukima's Dance           Hex            5%         N/A       22%         3
 Dispersal                Tloc           11%        N/A       97%         6
 Disjunction              Tloc           11%        N/A       100%        8


Dungeon Overview and Level Annotations

Branches:
Dungeon (3/15)

Altars:

Shops:
D:1 (


Innate Abilities, Weirdness & Mutations

You are very small and have problems with some larger weapons.
You are too small for most types of armour.
You have supernaturally acute eyesight. (SInv)
You cover ground extremely quickly. (Speed+++)


Message History

The goblin looks even sicker.
Your toxic aura wanes.
You kill the goblin!
Things that are here:
a +0 club; a goblin corpse
i - 45 stones (gained 24)
Found an escape hatch in the ceiling.
Found a crooked jewelled staff.
Found a book of Spatial Translocations and 18 stones.
An endoplasm comes into view.
Found a stone staircase leading down.
The white imp shouts, "Go and return not, thou mewling boil-brained yak-dropping!"
You hear a shout!
The endoplasm quivers.
Casting: Olgreb's Toxic Radiance (extremely dangerous; 12% risk of failure)
Confirm with . or Enter, or press ? or * to list all spells.
Aiming: Sting (safe; 1% risk of failure)
Press: ? - help, Shift-Dir - straight line, f - white imp
Aim: a white imp (78% to hit)
The sting misses the white imp.
Casting: Sting (safe; 1% risk of failure)
Confirm with . or Enter, or press ? or * to list all spells.
The spell is extremely dangerous to cast (12% risk of failure)!
Continue anyway?
You miscast Olgreb's Toxic Radiance.
You are very lightly contaminated with residual magic.
You feel incredibly sick!
You are poisoned.
You feel sick. The white imp gestures at you. The puff of frost hits you!
* * * LOW HITPOINT WARNING * * *
You feel sick.
You feel sick.
You feel sick.
You feel sick.
You are no longer poisoned.
The white imp spits at you. The white imp gestures at you.
The puff of frost hits you!
You die...

.......##....##########.###
#....#.........########...#
###..........#.......####<##
##.##.#.#.....#..........#
#....#..............#####
..###............... .#
#...............
.##.####...........<|..
......^........@.......
.#.#####...............
#..............#
#.......#.....##
##5############ .#. #.#
K....###.### #......J.#
###.##......#


You could see a white imp.

Vanquished Creatures
  Sigmund (D:3)
  A jelly (D:2)
  4 adders
  2 worms (D:2)
  2 dart slugs (D:1)
  An orc (D:3)
  4 ball pythons
  8 bats
  6 endoplasms
  3 giant cockroaches
  6 goblins
  5 hobgoblins
  5 kobolds
  A quokka (D:3)
  4 frilled lizards
  4 rats
57 creatures vanquished.

Notes
Turn   | Place    | Note
-------+----------+-------------------------------------------
     0 | D:1      | Descartes the Spriggan Venom Mage began the quest for the
                  | Orb.
     0 | D:1      | Reached XP level 1. HP: 9/9 MP: 5/5
   160 | D:1      | Found a faded altar of an unknown god.
   242 | D:1      | Reached XP level 2. HP: 13/13 MP: 3/6
   434 | D:1      | Found Buorha's Weapon Emporium.
   603 | D:1      | Reached skill level 1 in Translocations
  1079 | D:1      | Reached XP level 3. HP: 16/16 MP: 5/8
  2054 | D:2      | Reached XP level 4. HP: 21/21 MP: 7/9
  2090 | D:2      | Learned a level 4 spell: Olgreb's Toxic Radiance
  2859 | D:3      | Noticed Sigmund
  2872 | D:3      | Killed Sigmund
  2873 | D:3      | Reached skill level 1 in Short Blades
  2873 | D:3      | Reached XP level 5. HP: 18/24 MP: 1/11
  2873 | D:3      | Reached XP level 6. HP: 21/28 MP: 1/12
  2879 | D:3      | Learned a level 5 spell: Yara's Violent Unravelling
  3098 | D:3      | Killed from afar by a white imp

Illustrated notes

Levels and vault maps discovered:
D:1:      moated_graveyard_arrival, layout_loops_corners,
          ebering_ecumenical_altar_petrified, serial_shops, shop
D:2:      layout_basic
D:3:      layout_rooms, kennysheep_slug_shrine, uniq_sigmund

Skill      XL: |  1  2  3  4 |
---------------+-------------+-----
Translocations | 1 3 |  3.0
Dodging        | 3 |  3.9
Transmutations | 2 3 |  3.1
Spellcasting   | 3 |  3.7
Stealth        | 4 |  4.5
Short Blades   | 1 |  1.0
Poison Magic   | 4 |  4.4

Action                   |  1- 3 |  4- 6 || total
-------------------------+-------+-------++-------
Melee: Dagger            |     2 |     2 ||     4
 Cast: Sting             |    55 |    45 ||   100
       Olgreb's Toxic Ra |       |     3 ||     3
 Stab: Sleeping          |     2 |     2 ||     4
Armor: Robe              |     2 |     2 ||     4
Dodge: Dodged            |    18 |     9 ||    27
